 Dungeon Crawl Stone Soup version 0.29.1-13-g9f3cf754e1 (webtiles) character file.

Game seed: 6037901623229356170

182 Heoruswealwe the Chopper (level 5, -3/47 HPs)
             Began as a Minotaur Fighter on Feb 2, 2023.
             Slain by an orc priest
             ... wielding a +0 flail
              (7 damage)
             ... on level 5 of the Dungeon.
             The game lasted 00:45:33 (3681 turns).

Heoruswealwe the Chopper (Minotaur Fighter)         Turns: 3681, Time: 00:45:34

Health: -3/47      AC: 10    Str: 23    XL:     5   Next: 35%
Magic:  4/4        EV:  8    Int:  5    God:
Gold:   14         SH:  0    Dex: 15    Spells: 4/4 levels left

rFire   . . .      SeeInvis .   b - +0 battleaxe (vorpal)
rCold   . . .      Faith    .   (shield currently unavailable)
rNeg    . . .      Spirit   .   n - +0 chain mail
rPois   .          Reflect  .   (helmet restricted)
rElec   .          Harm     .   (no cloak)
rCorr   .          Rampage  .   H - +0 pair of gloves
Will    .....                   (no boots)
Stlth   ..........              (no amulet)
HPRegen 0.15/turn               e - ring of flight
MPRegen 0.09/turn               q - +6 ring of dexterity

@: flying
A: horns 2, retaliatory headbutt
a: no special abilities


You were on level 5 of the Dungeon.
You visited 1 branch of the dungeon, and saw 5 of its levels.

You collected 204 gold pieces.
You spent 190 gold pieces at shops.

Inventory:

Hand Weapons
 a - a +0 war axe
 b - a +0 vorpal battleaxe (weapon)
 j - a +0 short sword of holy wrath
 k - a +0 mace
 l - a +0 mace of venom
 z - a +0 trident
 S - a +0 falchion
 T - a +0 flail
 V - a +3 whip
 Y - a +0 sling
Missiles
 f - 6 large rocks
 C - 4 poisoned darts (quivered)
 F - 15 stones
Armour
 c - a +0 buckler
 n - a +0 chain mail (worn)
 t - a +0 pair of gloves
 H - a +0 pair of gloves (worn)
Magical Staves
 v - a staff of earth
Jewellery
 e - a ring of flight (left hand)
 q - a +6 ring of dexterity (right hand)
 u - an amulet of magic regeneration
 x - an amulet of faith
Scrolls
 g - a scroll of torment
 h - a scroll of brand weapon
 m - 4 scrolls of immolation {unknown}
 y - a scroll of magic mapping
 J - a scroll of fear
 L - a scroll of vulnerability
 M - a scroll of summoning {unknown}
 Q - a scroll of enchant armour {unknown}
Potions
 d - 3 potions of might
 A - 2 potions of flight
 N - a potion of lignification


   Skills:
 + Level 4.6 Fighting
 + Level 4.8 Axes
 + Level 4.6 Armour
 + Level 0.4 Dodging
 + Level 0.2 Stealth
 + Level 4.2 Shields


You had 4 spell levels left.
You didn't know any spells.
Your spell library was empty.

Dungeon Overview and Level Annotations

Branches:
Dungeon (5/15)
 Temple: D:4-7

Altars:
Vehumet

Shops:
D:3 (


Innate Abilities, Weirdness & Mutations

You have a pair of horns on your head.
You reflexively headbutt those who attack you in melee.


Message History

The orc priest calls down the wrath of Beogh upon you.
Beogh smites you!
The orc shouts!
Things that are here:
a +0 club; an orc corpse The orc priest hits you but does no damage.
You barely miss the orc priest.
The orc priest hits you with a +0 flail.
The orc priest barely misses you. You furiously retaliate!
You headbutt the orc priest. You barely miss the orc priest.
The orc priest is moderately wounded.
The orc priest mumbles some strange prayers to Beogh against you.
Beogh smites you!
You barely miss the orc priest.
You headbutt the orc priest, but do no damage.
The orc priest is moderately wounded.
You hit the orc priest.
The orc priest looks satisfied for a moment.
The orc priest calls upon Beogh to heal the orc priest.
The orc priest's wounds heal themselves!
The orc priest closely misses you.
You slash the orc priest!
The orc priest is heavily wounded.
You completely miss the orc priest.
The orc priest calls down the wrath of Beogh upon you.
Beogh smites you!
* * * LOW HITPOINT WARNING * * *
The orc priest hits you with a +0 flail.
* * * LOW HITPOINT WARNING * * *
You closely miss the orc priest.
The orc priest is heavily wounded.
You slash the orc!
You kill the orc!
You hit the orc priest.
The orc priest hits you with a +0 hand axe.
* * * LOW HITPOINT WARNING * * *
The orc priest hits you but does no damage.
The orc priest hits you with a +0 flail!
You die...

....###
.......
.....#
##.....#
#......
#....#
#o)..#
#@o..#
#)...#
+....#
####....#
#...<...#
#.......#
#..#.#.##
#..#.#.#
#..#.#.#


You could see 2 orc priests.

Vanquished Creatures
  2 lemures (D:4)
  2 orc priests
  4 adders
  2 worms
  A dart slug (D:2)
  9 orcs
  10 endoplasms
  2 giant cockroaches
  9 goblins
  7 hobgoblins
  2 jackals (D:4)
  A quokka (D:4)
  2 ball pythons
  3 bats
  4 frilled lizards
  7 kobolds
  4 rats
71 creatures vanquished.

Vanquished Creatures (others)
  4 fungi (D:3)
  11 plants (D:3)
15 creatures vanquished.

Grand Total: 86 creatures vanquished

Notes
Turn   | Place    | Note
-------+----------+-------------------------------------------
     0 | D:1      | Heoruswealwe the Minotaur Fighter began the quest for the
                  | Orb.
     0 | D:1      | Reached XP level 1. HP: 19/19 MP: 0/0
   246 | D:1      | Reached XP level 2. HP: 27/27 MP: 1/1
   937 | D:3      | Reached XP level 3. HP: 33/33 MP: 2/2
  2274 | D:3      | Found Gihei's Antique Weapon Shop.
  2370 | D:3      | Reached XP level 4. HP: 41/41 MP: 3/3
  2377 | D:3      | Found a faded altar of an unknown god.
  2432 | D:3      | Found a radiant altar of Vehumet.
  2483 | D:5      | Entered Level 5 of the Dungeon
  3143 | D:4      | Noticed a lemure
  3147 | D:4      | Noticed a lemure
  3161 | D:4      | Killed a lemure
  3166 | D:4      | Killed a lemure
  3280 | D:4      | Reached XP level 5. HP: 44/47 MP: 4/4
  3551 | D:3      | Bought a glowing battleaxe for 190 gold pieces
  3681 | D:5      | Slain by an orc priest

Illustrated notes

Levels and vault maps discovered:
D:1:      scummos_arrival_forest, layout_loops_ring
D:2:      layout_basic, hangedman_decor_riveting, due_unseen_surprise
D:3:      layout_loops_corners, nicolae_vehumet_altar_sigil,
          shapermc_ecumenical_altar_mp_ritualfount, serial_shops,
          nicolae_shop_hallway_plus
D:4:      layout_basic, uniq_pikel
D:5:      layout_basic, uniq_duvessa, uniq_prince_ribbit1

Skill      XL: |  1  2  3  4 |
---------------+-------------+-----
Fighting       | 4 |  4.6
Armour         | 4 |  4.6
Shields        | 4 |  4.2
Axes           | 3 4 |  4.8
Dodging        | |  0.4
Stealth        | |  0.2

Action                   |  1- 3 |  4- 6 || total
-------------------------+-------+-------++-------
Melee: War axe           |    84 |    88 ||   172
       Headbutt          |     9 |    21 ||    30
       Battleaxe         |       |     7 ||     7
  Use: Scroll            |     5 |     3 ||     8
       Potion            |     2 |       ||     2
Armor: Scale mail        |    24 |    14 ||    38
       Chain mail        |       |     2 ||     2
Dodge: Dodged            |    35 |    26 ||    61
Block: Buckler           |    20 |    15 ||    35
